AoeStats
← 一兵不出真君

Arabia

505155063Analyzed
1v1 RM · 24d ago on Sep 8, 2026· 29m 55s· 2 players
Game mode
Random Map
Map size
Tiny (2 player)
Population
200
Speed
Normal
Resources
Standard
Victory
Conquest
Starting age
Dark Age
Ending age
Imperial Age
RankedLock teamsTeams togetherTeam positionsShared explorationLock speedFull tech treeHidden civsTurbo modeCheats
Victory
Defeat
🇨🇳 Tupi · China
1881
+13
🇺🇸 Italians · United States
1813
-13
snowshawnskate
9:13 Feudal Age
9:15 Man-at-Arms
11:56 Loom
14:32 Fletching
19:04 Wheelbarrow
23:43 Castle Age
22:13 Double-Bit Axe
24:30 Bodkin Arrow
24:35 Crossbowman
一兵不出真君
7:32 Loom
9:46 Feudal Age
9:48 Champi Runner
10:19 Double-Bit Axe
10:27 Gold Mining
11:47 Horse Collar
14:06 Fletching
21:03 Wheelbarrow
21:18 Stone Mining
24:07 Castle Age
22:21 Padded Archer Armor
24:16 Crossbowman
24:51 Bodkin Arrow
25:13 Bow Saw
25:40 Gold Shaft Mining
25:06 Heavy Plow
26:10 Leather Archer Armor
30:31 Redemption
Connection lost

Rejoining the realm…

Still unreachable

The connection could not be restored.

Session expired

The server has moved on; the page needs a fresh start.